 Dungeon Crawl Stone Soup version 0.30-a0-859-gf88a04b62d (webtiles) character file.

Game seed: 13189985017629931564

211 M4edhros the Trooper (level 5, 0/38 HPs)
             Began as an Octopode Chaos Knight on Mar 6, 2023.
             Was a Plaything of Xom.
             Slain by a chaos spawn (4 damage)
             ... summoned by Xom
             ... on level 2 of the Dungeon.
             The game lasted 00:02:54 (14622 turns).

M4edhros the Trooper (Octopode Chaos Knight)       Turns: 14622, Time: 00:02:58

Health: 0/38       AC:  3    Str: 12      XL:     5   Next: 88%
Magic:  5/5        EV: 14    Int: 14      God:    Xom [.....*]
Gold:   1032       SH:  0    Dex:  9 (11) Spells: 4/4 levels left

rFire   + . .      SeeInvis +    a - +0 mace (chaos)
rCold   + . .      Faith    .    (no shield)
rNeg    . . .      Spirit   .    (helmet restricted)
rPois   +          Reflect  .    (no amulet)
rElec   +          Rampage  .    (no ring)
rCorr   +                        (no ring)
Will    ++...                    (no ring)
Stlth   ++                       (no ring)
HPRegen 0.26/turn                (no ring)
MPRegen 0.09/turn                (no ring)
                                 (no ring)
                                 (no ring)

@: resistant
A: almost no armour, amphibious, 8 rings, camouflage 1, gelatinous body 1,
(nimble swimmer 1), tentacles, tentacle spike 2, iridescent scales 1, see
invisible, clumsy 1, strong-willed 2, mutation resistance 1, electricity
resistance
a: Renounce Religion


You were on level 2 of the Dungeon.
You worshipped Xom.
You were Xom's teddy bear.
You visited 1 branch of the dungeon, and saw 3 of its levels.

You collected 1032 gold pieces.

Inventory:

Hand Weapons
 a - a +0 mace of chaos (weapon)
Missiles
 h - 13 stones
Armour
 j - a +0 leather armour
Wands
 i - a wand of iceblast (7)
Scrolls
 e - 4 scrolls of identify {unknown}
 n - 2 scrolls of poison
Potions
 d - a potion of ambrosia {unknown}
 f - a potion of flight {unknown}
 l - a potion of mutation {unknown}
 m - a potion of lignification {unknown}
Miscellaneous
 b - a piece from Xom's chessboard (15/15) (quivered)


   Skills:
 + Level 4.9 Fighting
 - Level 3.0 Maces & Flails
 + Level 4.5 Dodging


You had 4 spell levels left.
You didn't know any spells.
Your spell library contained the following spells:

 Spells                   Type           Power      Damage    Failure   Level
 Dazzling Flash           Conj/Hex       0%         N/A       65%         3
 Portal Projectile        Hex/Tloc       0%         N/A       65%         3
 Tukima's Dance           Hex            0%         N/A       65%         3
 Passage of Golubria      Tloc           0%         N/A       96%         4
 Agony                    Necr           0%         N/A       100%        5
 Blade Hands              Tmut           0%         N/A       100%        5
 Silence                  Hex/Air        0%         N/A       100%        5
 Yara's Violent Unravell  Hex/Tmut       0%         3d3       100%        5
 Chain Lightning          Conj/Air       0%         N/A       100%        9
 Fire Storm               Conj/Fire      0%         5d1       100%        9
 Shatter                  Erth           0%         3d5*      100%        9


Dungeon Overview and Level Annotations

Branches:
Dungeon (3/15)

Altars:
Sif Muna
Xom


Innate Abilities, Weirdness & Mutations

You cannot wear most types of armour.
You are amphibious.
You can wear up to eight rings at the same time.
Your skin changes colour to match your surroundings (Stealth+).
Your rubbery body absorbs attacks. (AC +1, EV +1)
((You are camouflaged when in or above water. (Stealth+)))
You have tentacles for arms and can constrict up to eight enemies at once.
One of your tentacles bears a nasty spike.
You are partially covered in iridescent scales. (AC +2)
You have supernaturally acute eyesight. (SInv)
You are clumsy. (Dex -2)
You are highly strong-willed. (Will++)
You are somewhat resistant to further mutation.
You are resistant to electric shocks. (rElec)


Message History

You hit the chaos spawn but do no damage.
You squeeze the chaos spawn.
The chaos spawn is moderately wounded.
The chaos spawn gores you!
* * * LOW HITPOINT WARNING * * *
Space warps around you.
* * * LOW HITPOINT WARNING * * *
The white imp gestures at you. The puff of frost hits you. You resist.
* * * LOW HITPOINT WARNING * * *
The chaos spawn barely misses you. The white imp closely misses you.
Unknown command.
You feel better. The chaos spawn closely misses you.
The white imp barely misses you.
Unknown command.
Unknown command.
As you read the scroll labelled LET UMUIXAOSO, it crumbles to dust.
You feel momentarily disoriented.
It was a scroll of magic mapping.
The chaos spawn barely misses you.
As you read the scroll labelled REOCHE MUIFA, it crumbles to dust.
You hear a loud clanging noise!
It was a scroll of noise.
The chaos spawn hits you.
* * * LOW HITPOINT WARNING * * *
The white imp barely misses you.
The white imp hits you but does no damage.
You feel better. The chaos spawn gores you! The chaos spawn shocks you.
You resist.
* * * LOW HITPOINT WARNING * * *
The white imp hits you.
* * * LOW HITPOINT WARNING * * *
The white imp freezes you. You resist.
* * * LOW HITPOINT WARNING * * *
The white imp barely misses you.
The air fills with toxic fumes!
As you read the scroll labelled FUBICS JAECI, it crumbles to dust.
It was a scroll of poison.
The chaos spawn gores you.
* * * LOW HITPOINT WARNING * * *
You are engulfed in flames.
You resist.
You die... "It's all fun and games until someone loses an eye."

...........#####....# #......#
#.########......†######....†.#
..# ###)..#)............# ###
##.##########......# # #..#
#......# # ###.## ######## #
######...# ####......#########
.....#########§4@§#
........^§§§§§§55##
#.###########§#### ..### #.#
##### ....### ###.# #...#
#.....#####...# #...#
###........).##########...###
.###..<####.................#
...###......#######.......#.#


You could see a chaos spawn (summoned) and 2 white imps.

Vanquished Creatures
  Jessica (D:2)
  Natasha (thrice) (D:2)
  Robin (D:2)
  An adder (D:2)
  4 dart slugs
  3 endoplasms
  A giant cockroach (D:2)
  7 hobgoblins
  7 jackals
  5 kobolds
  5 ball pythons
  6 bats
  4 frilled lizards
  21 goblins
  6 rats
75 creatures vanquished.

Vanquished Creatures (collateral kills)
  A ball python (D:2)
  2 hobgoblins (D:1)
3 creatures vanquished.

Vanquished Creatures (others)
  A hobgoblin (D:1)
1 creature vanquished.

Grand Total: 79 creatures vanquished

Notes
Turn   | Place    | Note
-------+----------+-------------------------------------------
     0 | D:1      | M4edhros the Octopode Chaos Knight began the quest for the
                  | Orb.
     0 | D:1      | Reached XP level 1. HP: 16/16 MP: 1/1
   224 | D:1      | Reached XP level 2. HP: 21/21 MP: 2/2
   241 | D:1      | XOM: divination: detect items
   399 | D:1      | Reached XP level 3. HP: 15/26 MP: 3/3
   531 | D:1      | XOM: smoke on damage
   839 | D:1      | XOM: silly message
   983 | D:1      | XOM: scenery: 1 doors open, 1 doors close
  1316 | D:1      | XOM: give mutations
  1316 | D:1      | Gained mutation: You are somewhat resistant to further
                  | mutation. [Xom's grace]
  1316 | D:1      | Gained mutation: Your muscles are strong. (Str +4, Int/Dex
                  | -1) [Xom's grace]
  1345 | D:1      | XOM: summons 2 hostile demons
  2156 | D:1      | XOM: give mutation
  2156 | D:1      | Lost mutation: Your muscles are strong. (Str +4, Int/Dex
                  | -1) [Xom's mischief]
  2199 | D:1      | XOM: give mutations
  2199 | D:1      | Gained mutation: You are partially covered in iridescent
                  | scales. (AC +2) [Xom's grace]
  2199 | D:1      | Gained mutation: Your system is resistant to poisons.
                  | (rPois) [Xom's grace]
  2199 | D:1      | Gained mutation: You are strong-willed. (Will+) [Xom's
                  | grace]
  2323 | D:1      | XOM: cloud trail
  2540 | D:1      | XOM: give mutation
  2540 | D:1      | Gained mutation: You have a pair of small antennae on your
                  | head. [Xom's grace]
  2598 | D:1      | XOM: give mutations
  2598 | D:1      | Lost mutation: You have a pair of small antennae on your
                  | head. [Xom's mischief]
  2598 | D:1      | Gained mutation: Your body sometimes deteriorates upon
                  | taking damage. [Xom's mischief]
  2964 | D:1      | XOM: stat loss: -1 Str (10/11)
  2981 | D:1      | XOM is BORED!
  2981 | D:1      | XOM: give mutations
  2981 | D:1      | Gained mutation: You are highly strong-willed. (Will++)
                  | [Xom's mischief]
  2981 | D:1      | Gained mutation: You are partially covered in large bone
                  | plates. (SH +4) [Xom's mischief]
  3131 | D:1      | XOM: silly message
  4151 | D:1      | XOM: noise
  4173 | D:1      | XOM: noise
  4527 | D:1      | XOM: silly message
  4860 | D:1      | XOM: scenery: 1 doors open, 1 doors close
  4984 | D:1      | Glimpsed the power of Zot.
  4986 | D:2      | Noticed Natasha
  5667 | D:1      | XOM: give mutations
  5667 | D:1      | Lost mutation: You are partially covered in large bone
                  | plates. (SH +4) [Xom's mischief]
  5667 | D:1      | Gained mutation: You have very sharp teeth. [Xom's
                  | mischief]
  5667 | D:1      | Gained mutation: You are dopey. (Int -2) [Xom's mischief]
  6107 | D:1      | XOM: scenery: 1 doors open, 1 doors close
  6471 | D:1      | XOM: god gift: 6 stones
  6857 | D:1      | XOM: give mutation
  6857 | D:1      | Gained mutation: You have supernaturally acute eyesight.
                  | (SInv) [Xom's grace]
  6886 | D:1      | XOM: scenery: 1 doors open, 1 doors close
  7325 | D:1      | XOM: god gift: 7 stones
  7775 | D:1      | XOM: give mutations
  7775 | D:1      | Gained mutation: One of your tentacles bears a spike.
                  | [Xom's grace]
  7775 | D:1      | Gained mutation: One of your tentacles bears a nasty spike.
                  | [Xom's grace]
  7775 | D:1      | Lost mutation: You are dopey. (Int -2) [Xom's grace]
  7775 | D:1      | Gained mutation: You possess an exceptional clarity of
                  | mind. [Xom's grace]
  7877 | D:1      | XOM: stat loss: -1 Dex (12/13)
  8035 | D:1      | XOM: scenery: 1 doors open, 1 doors close
  8715 | D:1      | XOM: give mutation
  8715 | D:1      | Lost mutation: You possess an exceptional clarity of mind.
                  | [Xom's mischief]
  9311 | D:1      | XOM is BORED!
  9311 | D:1      | XOM: give mutations
  9311 | D:1      | Lost mutation: You have very sharp teeth. [Xom's mischief]
  9311 | D:1      | Lost mutation: One of your tentacles bears a nasty spike.
                  | [Xom's mischief]
  9311 | D:1      | Lost mutation: Your system is resistant to poisons. (rPois)
                  | [Xom's mischief]
  9311 | D:1      | Gained mutation: You are clumsy. (Dex -2) [Xom's mischief]
  9552 | D:1      | XOM: god gift: copper wand {god gift}
  9992 | D:1      | XOM: god gift: 24 gold pieces
  9995 | D:1      | XOM: stat loss: -1 Dex (9/11)
 10122 | D:1      | XOM: god gift: 842 gold pieces
 10301 | D:1      | XOM: scenery: 1 doors open, 1 doors close
 10801 | D:1      | XOM: god gift: leather armour {god gift}
 10983 | D:1      | Glimpsed the power of Zot.
 10989 | D:2      | Killed Natasha
 10990 | D:2      | Reached XP level 4. HP: 24/33 MP: 4/4
 11052 | D:2      | Noticed Robin
 11052 | D:2      | Noticed Natasha
 11052 | D:2      | XOM: scenery: create altars
 11118 | D:2      | Noticed Jessica
 11121 | D:2      | Killed Jessica
 11147 | D:2      | Killed Natasha
 11148 | D:2      | Reached XP level 5. HP: 38/38 MP: 5/5
 11243 | D:2      | Noticed Natasha
 11244 | D:2      | Found a shimmering blue altar of Sif Muna.
 11264 | D:2      | Killed Robin
 11267 | D:2      | Killed Natasha
 11270 | D:2      | XOM: cast spell 'Discord'
 11369 | D:2      | XOM: god gift: 29 gold pieces
 11438 | D:2      | XOM: cast spell 'Leda's Liquefaction'
 11463 | D:2      | Glimpsed the power of Zot.
 11616 | D:2      | XOM: 1-stop teleportation journey
 11806 | D:2      | XOM: god gift: 51 gold pieces
 11861 | D:2      | Glimpsed the power of Zot.
 12180 | D:2      | XOM: scenery: create altars
 12727 | D:2      | XOM: cloud trail
 13049 | D:2      | XOM: scenery: create altars
 13679 | D:2      | XOM: scenery: summon butterflies
 13829 | D:2      | XOM: give mutations
 13829 | D:2      | Lost mutation: Your body sometimes deteriorates upon taking
                  | damage. [Xom's mischief]
 13829 | D:2      | Gained mutation: You are resistant to electric shocks.
                  | (rElec) [Xom's mischief]
 13829 | D:2      | Gained mutation: One of your tentacles bears a nasty spike.
                  | [Xom's mischief]
 14613 | D:2      | XOM: summons 3 hostile demons
 14614 | D:2      | Noticed a chaos spawn
 14617 | D:2      | HP: 1/38 [white imp/puff of frost[Xom] (4)]
 14622 | D:2      | Slain by a chaos spawn

Illustrated notes

Levels and vault maps discovered:
D:1:      heliophobic_arrival_enchanted_forest, layout_basic
D:2:      layout_rooms, basic_altar, minivault_24, minmay_cupped, uniq_jessica,
          uniq_robin, uniq_natasha
D:3:      layout_loops_corners, chequers_ecumenical_altar_simple, uniq_sigmund,
          uniq_ijyb

Skill      XL: |  1  2  3  4 |
---------------+-------------+-----
Dodging        | 3 4 |  4.5
Fighting       | 4 |  4.9
Maces & Flails | |  3.0

Action                     |  1- 3 |  4- 6 || total
---------------------------+-------+-------++-------
  Melee: Mace              |    66 |    83 ||   149
         Constrict         |    15 |    23 ||    38
         Tentacles         |     9 |    16 ||    25
         Kick              |       |    25 ||    25
    Use: Potion            |       |     4 ||     4
         Scroll            |       |     3 ||     3
   Stab: Sleeping          |     6 |     2 ||     8
 Armour: Skin              |     8 |    19 ||    27
  Dodge: Dodged            |    68 |    77 ||   145
  Block: Other             |     1 |       ||     1

Table legend: (Time is in decaauts)
 A = Elapsed time spent in this place.
 B = Non-inter-level travel time spent in this place.
 C = Inter-level travel time spent in this place.
 D = Time resting spent in this place.
 E = Time spent auto-exploring this place.
 F = Levels seen in this place.
 G = Mean time per level.
                   A        B        C        D        E       F      G
               +--------+--------+--------+--------+--------+-----+--------+
         Total |  14662 |  14547 |    115 |  12684 |   1379 |   3 | 4887.3 |
       Dungeon |  14662 |  14547 |    115 |  12684 |   1379 |   3 | 4887.3 |
               +--------+--------+--------+--------+--------+-----+--------+

Top non-repeatable levels by time:
     D:1: 10990 daAuts
     D:2: 3661 daAuts
     D:3: 11 daAuts
